 Dungeon Crawl Stone Soup version 0.20.1-1-g8b1a95d (webtiles) character file.

25800 troglodite the Blocker (level 12, -12/145 HPs)
             Began as a Demonspawn Berserker on Dec 21, 2017.
             Was the Champion of Trog.
             Mangled by a titanic slime creature (93 damage)
             ... on level 14 of the Dungeon.
             The game lasted 00:53:53 (15639 turns).

troglodite the Blocker (Demonspawn Berserker)      Turns: 15639, Time: 00:53:53

Health: -12/145    AC: 19    Str: 24    XL:     12   Next: 92%
Magic:  12/12      EV: 11    Int: 13    God:    Trog [******]
Gold:   749        SH: 13    Dex: 19    Spells: 11/11 levels left

rFire    . . .     SeeInvis .   e - +10 spear of Ittailich {freeze, rPois Int+5}
rCold    . . .     Gourm    .   k - +0 shield
rNeg     . . .     Faith    .   r - +0 plate armour
rPois    +         Spirit   .   U - +1 hat
rElec    .         Reflect  .   M - scarf {cloud immunity}
rCorr    .         Harm     .   P - +0 pair of gloves
MR       .....                  y - +0 pair of boots
Stlth    ..........             a - amulet of regeneration
Regen    0.8/turn               p - +3 ring of slaying
MPRegen  0.2/turn               u - +4 ring of dexterity

@: berserking (expiring), very quick
A: antennae 2, claws 1, hooves 2, dopey 1, nightstalker 1, poison resistance,
shaggy fur 1, rot immunity
a: Berserk, Trog's Hand, Brothers in Arms, Burn Spellbooks, Renounce Religion


You were on level 14 of the Dungeon.
You worshipped Trog.
Trog was exalted by your worship.
You were near starving.

You visited 1 branch of the dungeon, and saw 14 of its levels.
You visited the Abyss 2 times.

You collected 749 gold pieces.

Inventory:

Hand Weapons
 e - the +10 spear of Ittailich (weapon) {freeze, rPois Int+5}
   (You found it on level 12 of the Dungeon)

   It has been specially enchanted to freeze those struck by it, causing extra
   injury to most foes and up to half again as much damage against particularly
   susceptible opponents.
   It can also slow down cold-blooded creatures.
   It affects your intelligence (+5).
   It protects you from poison.
 A - the +5 trident of Moderation {venom, *Rage rPois Int+7 SInv}
   (Trog gifted it to you on level 14 of the Dungeon)

   It poisons the flesh of those it strikes.
   It affects your intelligence (+7).
   It protects you from poison.
   It lets you see invisible.
   It may make you go berserk in combat.
 E - a +1 scimitar of flaming
 Q - a +4 scimitar
Armour
 k - a +0 shield (worn)
 r - a +0 plate armour (worn)
 y - a +0 pair of boots (worn)
 M - a scarf of cloud immunity (worn)
 P - a +0 pair of gloves (worn)
 U - a +1 hat (worn)
Jewellery
 a - an amulet of regeneration (around neck)
 p - a +3 ring of slaying (left hand)
 u - a +4 ring of dexterity (right hand)
 B - a +3 ring of dexterity
 G - an uncursed ring of ice
 H - an uncursed ring of protection from magic
 J - an uncursed ring of fire
Scrolls
 b - a scroll of immolation {unknown}
 d - 6 scrolls of remove curse
 f - 5 scrolls of enchant armour {unknown}
 g - 3 scrolls of amnesia {unknown}
 l - 5 scrolls of fog {unknown}
 n - a scroll of magic mapping {unknown}
 o - 4 scrolls of enchant weapon {unknown}
 v - 2 scrolls of random uselessness {unknown}
 x - 4 scrolls of teleportation {unknown}
 D - a scroll of acquirement {unknown}
 T - 2 scrolls of recharging {unknown}
 W - a scroll of torment {unknown}
 X - a scroll of blinking {unknown}
Potions
 h - 6 potions of curing
 i - 4 potions of heal wounds
 j - 5 potions of lignification
 m - 2 potions of ambrosia
 q - a potion of magic
 s - a potion of resistance
 z - 2 potions of berserk rage
 C - a potion of agility
 F - 3 potions of might
 L - a potion of cancellation {unknown}
 S - 3 potions of haste
Comestibles
 c - 10 bread rations
 t - 6 chunks of flesh
 w - 10 meat rations
 K - 2 royal jellies
 N - 3 fruits


   Skills:
 * Level 9.7 Fighting
   Level 6.6(7.8) Short Blades
 + Level 6.3(7.6) Long Blades
   Level 1.5(2.8) Axes
 + Level 3.7(3.9) Polearms
 * Level 9.6 Armour
 * Level 8.0 Dodging
 + Level 0.8 Stealth
 * Level 10.0 Shields


You had 11 spell levels left.
You didn't know any spells.

Dungeon Overview and Level Annotations

Branches:
Dungeon (14/15)            Temple (0/1) D:4            Lair (0/6) D:11
    Orc (0/2) D:11
 Vaults: D:13-14

Altars:
Ashenzari
Cheibriados
Nemelex Xobeh
Vehumet
Yredelemnul

Shops:
D:6 (   D:9 :   D:13 *


Innate Abilities, Weirdness & Mutations

You have a pair of antennae on your head.
You have sharp fingernails.
You have hoof-like feet.
You are slightly more attuned to the shadows.
You are immune to rotting.
You are dopey. (Int -2)
Your system is resistant to poisons. (rPois)
You are covered in fur. (AC +1)


Message History

You puncture the titanic slime creature!
You freeze the titanic slime creature.
The titanic slime creature is severely wounded.
The titanic slime creature barely misses you.
The centaur barely misses you.
You puncture the titanic slime creature!
You freeze the titanic slime creature.
The titanic slime creature is severely wounded.
You block the centaur's attack. The titanic slime creature hits you!!
You puncture the titanic slime creature!
You freeze the titanic slime creature.
The titanic slime creature is almost dead.
The centaur completely misses you.
A phantom comes into view.
You puncture the titanic slime creature!
You freeze the titanic slime creature.
The titanic slime creature is almost dead.
The titanic slime creature hits you!!!!
Ouch! That really hurt!
You die...

######## #...... ..#
#..... ) ...
####..### #.#.#
....(<..# #.#.#
####<.#.###.#.#
#..........######...
#..#####...(J@c.....
#..# #.#.#####..#W
#..# #.#.# #
#..#####.#.#
#..>.[.....#
#..#####.### #..#
#.# #..# #.# #..#
#.#


You could see a titanic slime creature, a phantom and a centaur.

Vanquished Creatures
  2 hydras (D:12)
  5 two-headed ogres
  A tengu warrior (D:13)
  A sixfirhy (Abyss:2)
  An unseen horror (D:12)
  3 wizards
  An orc knight (D:13)
  An orc sorcerer (D:13)
  A deep elf mage (D:10)
  3 ugly things
  A large abomination (Abyss:2)
  A manticore (D:14)
  A centaur zombie (D:14)
  Psyche (D:8)
  A komodo dragon (D:11)
  3 efreet
  A freezing wraith (Abyss:2)
  2 tengu conjurers (D:14)
  2 trolls
  2 meliai zombies
  A hornet (D:8)
  3 hippogriffs
  A slime creature (D:14)
  A ynoxinul (Abyss:2)
  A shadow (D:12)
  A wyvern (D:13)
  3 yaks (D:11)
  The ghost of Tiamon the Cudgeler, an amateur HOFi (D:4)
  A hungry ghost (D:13)
  A vampire mosquito (D:12)
  A small abomination (Abyss:2)
  A soldier ant (D:10)
  4 water moccasins
  Duvessa (D:7)
  14 orc warriors
  A black bear (D:13)
  3 sky beasts
  2 ice beasts (D:12)
  A necrophage (D:12)
  2 phantoms
  10 centaurs
  4 ogres
  2 crocodiles
  3 big kobolds
  10 bullfrogs
  Dowan (D:7)
  8 scorpions
  A water moccasin skeleton (D:8)
  The ghost of Terandir the Covered, a weakling MiFi (D:3)
  17 killer bees
  15 wights
  2 electric eels (D:11)
  4 howler monkeys
  3 crimson imps
  5 jellies
  2 bullfrog skeletons (D:7)
  A gnoll shaman (D:7)
  5 hounds
  5 orc priests
  6 centaur skeletons
  10 orc wizards
  3 iguanas
  6 worker ants
  2 hound skeletons
  Robin (D:4)
  A worker ant zombie (D:10)
  11 gnolls
  13 adders
  2 howler monkey skeletons
  3 shadow imps
  2 oozes
  An adder zombie (D:9)
  4 worms
  2 dart slugs
  5 leopard geckos
  60 orcs
  6 bats
  6 giant cockroaches
  14 goblins
  10 hobgoblins
  11 jackals
  4 quokkas
  4 ball pythons
  7 frilled lizards
  A jackal zombie (D:8)
  18 kobolds
  8 rats
398 creatures vanquished.

Notes
Turn   | Place    | Note
-------+----------+-------------------------------------------
     0 | D:1      | troglodite the Demonspawn Berserker began the quest for the Orb.
     0 | D:1      | Reached XP level 1. HP: 18/18 MP: 1/1
   338 | D:1      | Gained mutation: You are slightly more attuned to the shadows. [demonic ancestry]
   338 | D:1      | Reached XP level 2. HP: 20/24 MP: 2/2
   775 | D:2      | Reached XP level 3. HP: 27/30 MP: 3/3
  1012 | D:2      | Reached ** piety under Trog
  1492 | D:2      | Reached XP level 4. HP: 36/37 MP: 4/4
  1505 | D:2      | Found a snail-covered altar of Cheibriados.
  1822 | D:3      | Reached skill level 1 in Shields
  1824 | D:3      | Gained mutation: You have large cloven feet. [demonic ancestry]
  1824 | D:3      | Reached XP level 5. HP: 16/42 MP: 5/5
  2018 | D:3      | Noticed Terandir's ghost (weakling MiFi)
  2022 | D:3      | Killed Terandir's ghost
  2622 | D:3      | Reached *** piety under Trog
  3194 | D:4      | Gained mutation: You have hoof-like feet. [demonic ancestry]
  3194 | D:4      | Reached XP level 6. HP: 28/49 MP: 6/6
  3304 | D:3      | Found a basalt altar of Yredelemnul.
  3529 | D:4      | Reached skill level 2 in Shields
  3559 | D:4      | Noticed Robin
  3616 | D:4      | Killed Robin
  3814 | D:4      | Found a staircase to the Ecumenical Temple.
  3901 | D:4      | Noticed Tiamon's ghost (amateur HOFi)
  3920 | D:4      | Killed Tiamon's ghost
  3920 | D:4      | Gained mutation: You have sharp fingernails. [demonic ancestry]
  3920 | D:4      | Reached XP level 7. HP: 34/55 MP: 7/7
  4332 | D:4      | Reached skill level 1 in Short Blades
  4649 | D:5      | Entered Level 5 of the Dungeon
  4658 | D:5      | Reached skill level 3 in Shields
  4753 | D:5      | Reached skill level 5 in Fighting
  4815 | D:5      | Gained mutation: Potions are less effective at restoring your health. [potion of mutation]
  4815 | D:5      | Gained mutation: You have a pair of small antennae on your head. [potion of mutation]
  4815 | D:5      | Lost mutation: You have a pair of small antennae on your head. [potion of mutation]
  4815 | D:5      | Gained mutation: Your system is resistant to poisons. (rPois) [potion of mutation]
  4816 | D:5      | Lost mutation: Your system is resistant to poisons. (rPois) [potion of mutation]
  4816 | D:5      | Lost mutation: Potions are less effective at restoring your health. [potion of mutation]
  4816 | D:5      | Gained mutation: You are dopey. (Int -2) [potion of mutation]
  4816 | D:5      | Gained mutation: You are covered in fur. (AC +1) [potion of mutation]
  4816 | D:5      | Gained mutation: Your system is resistant to poisons. (rPois) [potion of mutation]
  4880 | D:5      | Gained mutation: You have a pair of small antennae on your head. [demonic ancestry]
  4880 | D:5      | Reached XP level 8. HP: 20/62 MP: 8/8
  5277 | D:5      | Reached **** piety under Trog
  5630 | D:6      | Found Xaoxou's Weapon Shoppe.
  5841 | D:6      | Reached skill level 5 in Armour
  5841 | D:6      | Reached skill level 4 in Shields
  6003 | D:6      | Found a shattered altar of Ashenzari.
  6148 | D:7      | Noticed Duvessa
  6159 | D:7      | Noticed Dowan
  6171 | D:7      | Killed Duvessa
  6184 | D:7      | Killed Dowan
  6490 | D:7      | Gained mutation: You are immune to rotting. [demonic ancestry]
  6490 | D:7      | Reached XP level 9. HP: 68/68 MP: 9/9
  6649 | D:7      | Reached skill level 5 in Shields
  7086 | D:8      | Noticed Psyche
  7086 | D:8      | Noticed a two-headed ogre
  7100 | D:8      | Killed Psyche
  7102 | D:8      | Killed a two-headed ogre
  7102 | D:8      | Reached skill level 5 in Dodging
  7163 | D:6      | Reached skill level 6 in Shields
  7938 | D:8      | Reached skill level 5 in Short Blades
  8277 | D:8      | Reached XP level 10. HP: 51/77 MP: 10/10
  8619 | D:8      | Reached ***** piety under Trog
  9071 | D:8      | Noticed a two-headed ogre
  9082 | D:8      | Killed a two-headed ogre
  9490 | D:9      | Reached skill level 7 in Shields
  9504 | D:9      | Found a sparkling altar of Nemelex Xobeh.
  9673 | D:9      | Noticed a two-headed ogre
  9684 | D:9      | Killed a two-headed ogre
  9846 | D:9      | Found Lemuiceg's Book Boutique.
 10275 | D:10     | Entered Level 10 of the Dungeon
 10385 | D:10     | Found a radiant altar of Vehumet.
 10512 | D:10     | Noticed a deep elf mage
 10512 | D:10     | Noticed a wizard
 10517 | D:10     | Killed a deep elf mage
 10517 | D:10     | Reached XP level 11. HP: 83/85 MP: 11/11
 10525 | D:10     | Killed a wizard
 10630 | D:10     | Identified the Volume of Axaxaxas mlö
 10654 | D:10     | Noticed a wizard
 10671 | D:10     | Killed a wizard
 10928 | D:10     | Noticed a two-headed ogre
 10939 | D:10     | Killed a two-headed ogre
 10939 | D:10     | Reached skill level 8 in Shields
 11723 | D:11     | Found a staircase to the Lair.
 11727 | D:11     | Noticed a white ugly thing
 11739 | D:11     | Killed a white ugly thing
 11739 | D:11     | Reached skill level 5 in Long Blades
 12323 | D:11     | Noticed a green ugly thing
 12338 | D:11     | Killed a green ugly thing
 12485 | D:11     | Found a staircase to the Orcish Mines.
 12944 | D:12     | Reached ****** piety under Trog
 12988 | D:12     | Noticed an eight-headed hydra
 13000 | D:12     | Killed a two-headed hydra
 13436 | D:12     | Reached skill level 1 in Axes
 13614 | D:12     | Noticed a six-headed hydra
 13623 | D:12     | Killed a one-headed hydra
 13623 | D:12     | Gained mutation: You have a pair of antennae on your head. [demonic ancestry]
 13623 | D:12     | Reached XP level 12. HP: 67/94 MP: 12/12
 13802 | D:12     | Received a gift from Trog
 13871 | D:12     | Noticed a two-headed ogre
 13877 | D:12     | Killed a two-headed ogre
 14022 | D:12     | Got a brightly glowing spear
 14023 | D:12     | Identified the +10 spear of Ittailich {freeze, rPois Int+5} (You found it on level 12 of the Dungeon)
 14276 | D:12     | Reached skill level 9 in Shields
 14357 | D:13     | Cast into level 2 of the Abyss (a wizard)
 14414 | D:13     | Escaped the Abyss
 14425 | D:13     | Cast into level 2 of the Abyss (a wizard)
 14425 | Abyss:2  | Found a corrupted altar of Lugonu.
 14466 | Abyss:2  | Reached skill level 1 in Polearms
 14590 | D:13     | Escaped the Abyss
 14973 | D:13     | Found Antaq's Assorted Antiques.
 15322 | D:13     | Noticed a tengu warrior
 15334 | D:13     | Killed a tengu warrior
 15495 | D:14     | Received a gift from Trog
 15513 | D:14     | Got a crystal trident {god gift}
 15514 | D:14     | Identified the +5 trident of Moderation {venom, *Rage rPois Int+7 SInv} (Trog gifted it to you on level 14 of the Dungeon)
 15616 | D:14     | Reached skill level 10 in Shields
 15639 | D:14     | Mangled by a titanic slime creature

Skill      XL: |  1  2  3  4  5  6  7  8  9 10 11 12 |
---------------+-------------------------------------+-----
Armour         | 2 3 4 5 6 7 8 9 |  9.6
Dodging        | 2 3 4 5 6 7 8 |  8.0
Long Blades    | 3 4 5 6 |  6.3
Fighting       | 4 5 6 7 8 9 |  9.7
Shields        | 1 2 3 4 6 7 8 10 | 10.0
Short Blades   | 2 3 5 6 |  6.6
Axes           | 1 |  1.5
Polearms       | 3 |  3.7
Stealth        | |  0.8

Action                   |  1- 3 |  4- 6 |  7- 9 | 10-12 || total
-------------------------+-------+-------+-------+-------++-------
Melee: Falchion          |   112 |   157 |       |       ||   269
       Kick              |       |    23 |       |       ||    23
       Dagger            |       |    44 |   464 |   321 ||   829
       Scimitar          |       |       |       |   313 ||   313
       War axe           |       |       |       |    32 ||    32
       Spear             |       |       |       |   291 ||   291
Invok: Berserk           |     1 |     5 |     5 |    14 ||    25
       Burn Spellbooks   |       |       |     1 |     5 ||     6
  Use: Scroll            |       |       |     6 |     9 ||    15
       Potion            |       |       |     4 |       ||     4
 Stab: Sleeping          |     3 |       |       |       ||     3
  Eat: Chunk             |     3 |    11 |    13 |    55 ||    82
       Royal jelly       |       |       |     1 |       ||     1
       Bread ration      |       |       |     1 |       ||     1
Armor: Animal skin       |    11 |       |       |       ||    11
       Ring mail         |    12 |       |       |       ||    12
       Plate armour      |    40 |   107 |   205 |   456 ||   808
Dodge: Dodged            |    92 |    31 |    93 |   263 ||   479
Block: Shield            |       |    82 |   231 |   562 ||   875
       Rpst.: Falchion   |    27 |    12 |       |       ||    39
       Scimitar          |       |       |       |    18 ||    18
